 Dungeon Crawl Stone Soup version 0.20.1-1-g8b1a95d (webtiles) character file.

99 digijack the Skirmisher (level 5, -2/41 HPs)
             Began as a Formicid Abyssal Knight on Dec 15, 2017.
             Was a Believer of Lugonu.
             Slain by Crazy Yiuf
             ... wielding a +3 quarterstaff of chaos
              (8 damage)
             ... on level 2 of the Dungeon.
             The game lasted 00:06:59 (1507 turns).

digijack the Skirmisher (Formicid Abyssal Knight)   Turns: 1507, Time: 00:06:59

Health: -2/41      AC:  4    Str: 17    XL:     5   Next: 2%
Magic:  4/7        EV: 11    Int: 11    God:    Lugonu [**....]
Gold:   121        SH:  3    Dex: 11    Spells: 4/4 levels left

rFire    . . .     SeeInvis +   a - +1 mace
rCold    . . .     Gourm    .   (no shield)
rNeg     . . .     Faith    .   b - +0 leather armour
rPois    .         Spirit   .   (helmet unavailable)
rElec    .         Reflect  +   (no cloak)
rCorr    .         Harm     .   (no gloves)
MR       .....                  (no boots)
Stlth    ++........             d - +3 amulet of reflection
Regen    0.2/turn               g - +1 ring of protection (curse)
MPRegen  0.1/turn               (no ring)

@: no status effects
A: permanent stasis, dig shafts and tunnels, four strong arms, antennae 3
a: Dig, Shaft Self, Depart the Abyss, Bend Space, Renounce Religion


You were on level 2 of the Dungeon.
You worshipped Lugonu.
Lugonu was pleased with you.
You were not hungry.

You visited 1 branch of the dungeon, and saw 2 of its levels.
You visited the Abyss 1 time.

You collected 121 gold pieces.

Inventory:

Hand Weapons
 a - a +1 mace (weapon)
Armour
 b - a +0 leather armour (worn)
Jewellery
 d - a +3 amulet of reflection (around neck)
 g - a cursed +1 ring of protection (left hand)
Scrolls
 e - a scroll of remove curse
Comestibles
 c - 4 bread rations
 f - 9 chunks of flesh


   Skills:
 + Level 3.6 Fighting
 + Level 2.7 Maces & Flails
 + Level 2.9 Armour
 - Level 0.8 Dodging
 + Level 2.6 Stealth
 + Level 3.3 Invocations


You had 4 spell levels left.
You didn't know any spells.

Dungeon Overview and Level Annotations

Branches:
Dungeon (2/15)

Altars:

Annotations:
D:2 Crazy Yiuf


Innate Abilities, Weirdness & Mutations

You cannot be hasted, slowed, berserked, paralysed or teleported.
You can dig through walls and to a lower floor.
Your four strong arms can wield two-handed weapons with a shield.
You have a pair of large antennae on your head. (SInv)


Message History

Crazy Yiuf is moderately wounded.
Crazy Yiuf closely misses you.
You hit Crazy Yiuf.
Crazy Yiuf is moderately wounded.
Crazy Yiuf closely misses you.
You hit Crazy Yiuf.
Crazy Yiuf is heavily wounded.
Crazy Yiuf says, "Ten sing poople!"
Crazy Yiuf hits you with a quarterstaff of chaos!
Crazy Yiuf burns you.
You sock Crazy Yiuf!
Crazy Yiuf is almost dead.
Crazy Yiuf says, "Fire Hive Orb Guardian!"
Crazy Yiuf drinks a potion.
Crazy Yiuf is healed!
You hit Crazy Yiuf.
Crazy Yiuf is almost dead.
Crazy Yiuf hits you with a quarterstaff of chaos! x2
* * * LOW HITPOINT WARNING * * *
You are electrocuted!
You die...

####♣♣ #####
##.#..♣♣ ♣♣#)))#
#......♣♣♣♣)')@g#
###......)♣))♣#)))#
#....#..)♣)♣♣♣#####
.....##♣♣♣♣♣ #....#
.....## ###
#####.###.#
..........#
.####.#######


You could see Crazy Yiuf.

Vanquished Creatures
  Terence (D:2)
  An adder (D:2)
  4 worms
  3 dart slugs
  A leopard gecko (D:1)
  A ball python (D:2)
  8 goblins
  8 hobgoblins
  2 jackals (D:2)
  A quokka (D:2)
  3 bats
  3 frilled lizards (D:1)
  A kobold (D:2)
  10 rats
47 creatures vanquished.

Notes
Turn   | Place    | Note
-------+----------+-------------------------------------------
     0 | Abyss:1  | digijack the Formicid Abyssal Knight began the quest for the Orb.
     0 | Abyss:1  | Reached XP level 1. HP: 18/18 MP: 2/2
    12 | D:1      | Escaped the Abyss
    56 | D:1      | Reached skill level 1 in Stealth
    56 | D:1      | Reached XP level 2. HP: 19/24 MP: 3/3
   454 | D:1      | Reached XP level 3. HP: 19/29 MP: 4/4
   661 | D:1      | Reached ** piety under Lugonu
   816 | D:2      | Noticed Terence
   834 | D:2      | Killed Terence
   834 | D:2      | Reached XP level 4. HP: 6/36 MP: 4/6
  1434 | D:2      | Reached XP level 5. HP: 37/41 MP: 7/7
  1495 | D:2      | Found a runed door.
  1499 | D:2      | Noticed Crazy Yiuf
  1507 | D:2      | Slain by Crazy Yiuf

Skill      XL: |  1  2  3  4 |
---------------+-------------+-----
Stealth        | 1 2 |  2.6
Invocations    | 3 |  3.3
Fighting       | |  3.6
Maces & Flails | |  2.7
Armour         | |  2.9
Dodging        | |  0.8

Action                   |  1- 3 |  4- 6 || total
-------------------------+-------+-------++-------
Melee: Mace              |    72 |    55 ||   127
 Abil: Dig               |     3 |       ||     3
  Use: Scroll            |     4 |     1 ||     5
       Potion            |     1 |     4 ||     5
 Stab: Sleeping          |     4 |     1 ||     5
       Distracted        |       |     1 ||     1
  Eat: Chunk             |       |     2 ||     2
Armor: Leather armour    |    18 |    10 ||    28
Dodge: Dodged            |    34 |    16 ||    50
Block: Other             |     5 |     8 ||    13
